 Dungeon Crawl Stone Soup version 0.23-a0-635-g88ca12a (webtiles) character file.

1241 zishaf the Shield-Bearer (level 8, -13/73 HPs)
             Began as a Deep Dwarf Fighter on Dec 28, 2018.
             Mangled by an orc warrior
             ... wielding a +0 glaive
              (17 damage)
             ... on level 6 of the Dungeon.
             The game lasted 00:08:08 (4664 turns).

zishaf the Shield-Bearer (Deep Dwarf Fighter)       Turns: 4664, Time: 00:08:08

Health: -13/73     AC: 11    Str: 23    XL:     8   Next: 25%
Magic:  16/16      EV:  8    Int: 10    God:
Gold:   269        SH: 11    Dex: 12    Spells: 7/7 levels left

rFire    . . .     SeeInvis .   a - +0 war axe
rCold    . . .     Gourm    .   c - +0 shield
rNeg     . . .     Faith    .   b - +0 scale mail
rPois    .         Spirit   .   F - +0 helmet
rElec    .         Reflect  .   n - +0 cloak
rCorr    .         Harm     .   (no gloves)
MR       +....                  j - +0 pair of boots
Stlth    ..........             (no amulet)
HPRegen  0.00/turn              A - ring of magical power
MPRegen  0.15/turn              H - +2 ring of intelligence

@: non-regenerating
A: damage resistance, heal wounds, sense surroundings 1, no regeneration
a: Heal Wounds


You were on level 6 of the Dungeon.
You were not hungry.

You visited 1 branch of the dungeon, and saw 6 of its levels.

You collected 269 gold pieces.

Inventory:

Hand Weapons
 a - a +0 war axe (weapon)
Missiles
 e - 250 stones (quivered)
Armour
 b - a +0 scale mail (worn)
 c - a +0 shield (worn)
 j - a +0 pair of boots (worn)
 n - a +0 cloak (worn)
 F - a +0 helmet (worn)
Jewellery
 t - an uncursed ring of wizardry
 A - a ring of magical power (left hand)
 C - an uncursed amulet of harm
 H - a +2 ring of intelligence (right hand)
Wands
 u - a wand of flame (11)
 y - a wand of digging (6)
 D - a wand of acid (9)
 E - a wand of random effects (10)
Scrolls
 k - 2 scrolls of remove curse {unknown}
 m - 3 scrolls of identify {unknown}
 q - a scroll of enchant armour {unknown}
 w - a scroll of immolation {unknown}
 x - 4 scrolls of teleportation {unknown}
 G - a scroll of fear {unknown}
Potions
 d - 2 potions of might
 g - 2 potions of flight {unknown}
 h - a potion of degeneration {unknown}
 i - a potion of agility {unknown}
 l - a potion of brilliance {unknown}
 o - 2 potions of magic {unknown}
 p - a potion of mutation {unknown}
 r - 2 potions of cancellation {unknown}
 s - 4 potions of curing {unknown}
 v - a potion of lignification {unknown}
 z - a potion of haste {unknown}
 B - a potion of invisibility
Comestibles
 f - 11 rations
 I - 9 chunks of flesh


   Skills:
 + Level 4.5 Fighting
 * Level 6.6 Axes
 + Level 5.4 Armour
 * Level 7.1 Shields


You had 7 spell levels left.
You didn't know any spells.
Your spell library was empty.

Dungeon Overview and Level Annotations

Branches:
Dungeon (6/15)
 Temple: D:4-7

Altars:
Kikubaaqudgha
Qazlal
Xom

Annotations:
D:6 Eustachio


Innate Abilities, Weirdness & Mutations

You are resistant to damage.
You can heal yourself by infusing magical energy.
You passively map a small area around you.
You do not regenerate.


Message History

You hit the orc warrior.
The orc warrior is moderately wounded.
You block the orc warrior's attack.
You barely miss the orc warrior.
The orc warrior is moderately wounded.
The orc warrior hits you with a +0 glaive.
* * * LOW HITPOINT WARNING * * *
You closely miss the orc warrior.
The orc warrior is moderately wounded.
You slash the orc warrior!
The orc warrior is severely wounded.
You block the orc warrior's attack.
The orc priest looks braver for a moment.
You hit the orc warrior but do no damage.
The orc warrior is severely wounded.
The orc warrior closely misses you.
You hit the orc warrior but do no damage.
The orc warrior is severely wounded.
The orc warrior hits you with a +0 glaive!!
You die...

#.###.#####..# #).##..#..
#.......r....# ##....#
...
#####...###.#######.....#
..
###.##..##........##..# .
#r##.###.#####..# ..#
#.##r# #># #........
#.##.# #÷######.....##.
#.##o###............#
#r##oo@.........#.... *
#.#############.#...# #.#
......# #.########
......., #.§...@..#
o..oo.. #.#.r###.#
..o.... #...r....###
*....... #..#.#.#...#
*....... ,
#........#r###.......


You could see an orc warrior, an orc priest and an orc.

Vanquished Creatures
  Sigmund (D:2)
  Edmund (D:6)
  A black bear (D:6)
  A sky beast (D:5)
  A bullfrog (D:6)
  2 howler monkeys
  A crimson imp (D:6)
  A hound (D:5)
  2 orc priests
  Crazy Yiuf (D:3)
  A centaur skeleton (D:4)
  Ijyb (D:3)
  2 orc wizards
  A worker ant (D:5)
  Natasha (thrice) (D:3)
  8 adders
  4 gnolls (D:6)
  A shadow imp (D:6)
  3 worms
  6 dart slugs
  5 leopard geckos
  18 orcs
  3 giant cockroaches
  8 goblins
  15 hobgoblins
  9 jackals
  3 quokkas
  12 bats
  6 frilled lizards
  8 kobolds
  A leopard gecko skeleton (D:4)
  9 rats
139 creatures vanquished.

Notes
Turn   | Place    | Note
-------+----------+-------------------------------------------
     0 | D:1      | zishaf the Deep Dwarf Fighter began the quest for the Orb.
     0 | D:1      | Reached XP level 1. HP: 20/20 MP: 1/1
    49 | D:1      | Reached XP level 2. HP: 24/27 MP: 2/2
   340 | D:1      | Reached XP level 3. HP: 22/33 MP: 3/3
   785 | D:2      | Reached skill level 4 in Shields
   976 | D:2      | Reached XP level 4. HP: 39/42 MP: 4/4
  1350 | D:2      | Noticed Sigmund
  1364 | D:2      | Killed Sigmund
  1364 | D:2      | Reached skill level 5 in Shields
  1364 | D:2      | Reached XP level 5. HP: 26/49 MP: 5/5
  1364 | D:2      | Reached XP level 6. HP: 29/56 MP: 6/6
  1932 | D:3      | Noticed Natasha
  1943 | D:3      | Killed Natasha
  1977 | D:3      | Noticed Natasha
  1986 | D:3      | Killed Natasha
  2146 | D:3      | Found a stormy altar of Qazlal.
  2159 | D:3      | Noticed Natasha
  2165 | D:3      | Killed Natasha
  2372 | D:3      | Reached skill level 5 in Axes
  2518 | D:3      | Noticed Ijyb
  2532 | D:3      | Killed Ijyb
  2542 | D:3      | Found a runed door.
  2733 | D:3      | Noticed Crazy Yiuf
  2740 | D:3      | Killed Crazy Yiuf
  2740 | D:3      | Reached XP level 7. HP: 60/63 MP: 7/7
  3046 | D:4      | Reached skill level 6 in Shields
  3482 | D:5      | Entered Level 5 of the Dungeon
  3645 | D:5      | Reached skill level 5 in Armour
  3756 | D:5      | Found a shimmering altar of Xom.
  3788 | D:5      | Found an ancient bone altar of Kikubaaqudgha.
  4503 | D:6      | Noticed Edmund
  4508 | D:6      | Reached XP level 8. HP: 52/72 MP: 7/7
  4546 | D:6      | Killed Edmund
  4546 | D:6      | Reached skill level 7 in Shields
  4596 | D:6      | Noticed Eustachio
  4664 | D:6      | Mangled by an orc warrior

Vault maps used:
D:1:      dpeg_arrival_rhombi
D:2:      uniq_sigmund
D:3:      grunt_qazlal_sundering, uniq_natasha, uniq_crazy_yiuf_cottage,
          uniq_ijyb
D:5:      kennysheep_little_box, kennysheep_mini_moat, first_ration
D:6:      dancing_weapons_uskayaw, minmay_temple_entry_glass, serial_glass,
          glass_columns_b, glass_columns_a, hangedman_decor_growths,
          uniq_eustachio, uniq_edmund

Skill      XL: |  1  2  3  4  5  6  7  8 |
---------------+-------------------------+-----
Axes           | 3 4 5 6 |  6.6
Fighting       | 3 4 |  4.5
Shields        | 4 5 6 7 |  7.1
Armour         | 4 5 |  5.4

Action                   |  1- 3 |  4- 6 |  7- 9 || total
-------------------------+-------+-------+-------++-------
Melee: War axe           |    90 |   232 |   233 ||   555
Throw: Stone             |       |     8 |       ||     8
 Abil: Heal Wounds       |     1 |     7 |     5 ||    13
  Eat: Chunk             |       |     7 |     6 ||    13
Armor: Scale mail        |    35 |   103 |   112 ||   250
Dodge: Dodged            |    28 |    61 |    74 ||   163
Block: Shield            |    48 |   127 |   121 ||   296

Table legend:
 A = Non-vault XP
 B = Vault XP
 C = Vault XP percentage of total XP
 D = Non-vault monster count
 E = Vault monster count
 F = Vault count percentage of total count
                 A         B        C        D         E       F
            +---------+---------+-------+---------+---------+-------
      Total |    1273 |     500 |  28.2 |     134 |       5 |   3.6
            +---------+---------+-------+---------+---------+-------
        D:1 |      80 |       0 |   0.0 |      33 |       0 |   0.0
        D:2 |     111 |     223 |  66.8 |      32 |       1 |   3.0
        D:3 |     216 |     111 |  33.9 |      33 |       3 |   8.3
        D:4 |     206 |       0 |   0.0 |      13 |       0 |   0.0
        D:5 |     306 |       0 |   0.0 |      13 |       0 |   0.0
        D:6 |     354 |     166 |  31.9 |      10 |       1 |   9.1
            +---------+---------+-------+---------+---------+-------
